Map: Terrassen von Prion

Players

MtdGun

  • Race: Zerg Zerg
  • League: Silver

VBPreina - Winner!

  • Race: Zerg Zerg
  • League: Platinum

VOD

Have the link to the VOD?

Description

Time

  • Played on: Dec. 8, 2015, 1:07 p.m.
  • Length: 4:43
Show
View Real Time Build Order
Export as new Build Order

MtdGun Zerg 

Build Orders: Hatch First 

Get SALT Encoding   

  12  0:01  Drone  
  13  0:08  Drone  
  14  0:17  Overlord  
  14  0:35  Drone x2  
  16  0:38  Drone  
  17  0:46  Drone  
  18  0:56  Hatchery  
  17  0:59  Drone  
  17  1:02  Extractor  
  17  1:07  Drone  
  18  1:17  Spawning Pool  
  17  1:24  Drone  
  18  1:28  Drone  
  19  1:40  Drone  
  20  1:51  Overlord  
  20  2:02  Drone  
  20  2:08  Queen x2  
  23  2:13  Drone  
  23  2:14  Metabolic Boost  
  26  2:15  Drone  
  27  2:24  Drone  
  27  2:25  Drone  
  29  2:30  Overlord  
  29  2:44  Zergling x4  
  31  2:52  Queen x2  
  31  2:53  Zergling x4  
  37  3:01  Spine Crawler  
  37  3:05  Baneling Nest  
  35  3:11  Drone  
  34  3:26  Zergling x2  
  33  3:27  Zergling x6  
  36  3:39  Drone  
  36  3:40  Drone  
  36  3:50  Overlord x3  
  37  4:10  Zergling x2  
  37  4:11  Zergling x14  
  40  4:18  Drone  
  40  4:19  Drone  
Show
View Real Time Build Order
Export as new Build Order

VBPreina Zerg - Winner!

Build Orders: Hatch First 

Get SALT Encoding   

  12  0:07  Overlord  
  12  0:13  Drone  
  13  0:17  Drone  
  14  0:26  Drone  
  15  0:31  Drone  
  16  0:52  Hatchery, Drone  
  16  0:57  Drone, Extractor  
  15  1:03  Drone  
  17  1:15  Spawning Pool  
  16  1:20  Drone  
  17  1:26  Drone  
  18  1:34  Overlord  
  18  1:45  Drone  
  19  1:57  Drone  
  20  2:04  Queen x2  
  20  2:07  Metabolic Boost  
  24  2:14  Zergling x4  
  26  2:23  Drone, Zergling x2  
  28  2:30  Zergling x4  
  30  2:39  Drone x2  
  32  2:58  Overlord x2  
  32  3:04  Zergling x2  
  32  3:05  Zergling x2  
  32  3:28  Zergling x2  
  32  3:29  Zergling x14  
  37  3:45  Zergling x2  
  37  3:46  Zergling x2  
  39  3:49  Overlord  
  39  4:01  Drone x5  
  44  4:04  Hatchery  
  42  4:21  Drone  
  42  4:22  Drone x9  
  52  4:38  Extractor  
  51  4:39  Extractor  
Tags
 
Add a new tag
Caveats
  • Supply blocks, unpowered buildings, or Contaminate may cause inaccurate times.
  • Supply counts are checked every 10 seconds.